 Dungeon Crawl Stone Soup version 0.30.1-3-gfc49f6343a (webtiles) character file.

Game seed: 12801250739245209067

251 Cheops the Ruffian (level 5, 0/50 HPs)
             Began as a Troll Fighter on July 27, 2023.
             Slain by an ogre
             ... wielding a +0 giant spiked club
              (26 damage)
             ... on level 4 of the Dungeon.
             The game lasted 00:06:45 (5132 turns).

Cheops the Ruffian (Troll Fighter)                  Turns: 5132, Time: 00:06:45

Health: 0/50       AC:  8    Str: 24    XL:     5   Next: 88%
Magic:  4/4        EV:  8    Int:  6    God:
Gold:   134        SH:  7    Dex:  9    Spells: 4/4 levels left

rFire   . .          .
                       - Unarmed
rCold   . . .        b - +0 kite shield
rNeg    . . .        a - +0 robe
rPois   .            (helmet restricted)
rElec   .            (no cloak)
rCorr   .            (gloves unavailable)
SInv    .            (boots unavailable)
Will    +....        (no amulet)
Stlth   +            n - +4 ring of protection
HPRegen 1.08/turn    o - ring of willpower
MPRegen 0.09/turn

%: no passive effects
@: no status effects
A: large, unfitting armour, claws 3, regeneration 1, shaggy fur 1, tough skin 1
a: no special abilities


You were on level 4 of the Dungeon.
You visited 1 branch of the dungeon, and saw 4 of its levels.

You collected 134 gold pieces.

Inventory:

Armour
 a - a +0 robe (worn)
 b - a +0 kite shield (worn)
Jewellery
 n - a +4 ring of protection (left claw)
 o - a ring of willpower (right claw)
Scrolls
 d - 4 scrolls of identify {unknown}
 e - 5 scrolls of teleportation {unknown}
 g - a scroll of vulnerability {unknown}
 h - a scroll of fog {unknown}
 j - a scroll of torment {unknown}
 m - a scroll of enchant armour {unknown}
Potions
 c - a potion of might
 f - 4 potions of curing {unknown}
 i - a potion of magic {unknown}
 k - a potion of ambrosia {unknown}
 l - a potion of berserk rage {unknown}


   Skills:
 - Level 2.4 Fighting
 - Level 2.4 Dodging
 - Level 2.6 Shields
 + Level 6.2 Unarmed Combat


You had 4 spell levels left.
You didn't know any spells.
Your spell library contained the following spells:

 Spells                   Type           Power      Damage    Failure   Level
 Ozocubu's Armour         Ice            0%         N/A       97%         3
 Summon Lightning Spire   Summ/Air       0%         N/A       100%        4
 Metabolic Englaciation   Hex/Ice        0%         N/A       100%        5
 Simulacrum               Ice/Necr       0%         N/A       100%        6
 Storm Form               Tmut/Air       0%         N/A       100%        7
 Maxwell's Capacitive Co  Air            0%         ∞         100%        8


Dungeon Overview and Level Annotations

Branches:
Dungeon (4/15)
 Temple: D:4-7

Altars:
Okawaru


Innate Abilities, Weirdness & Mutations

You are too large for most types of armour.
You have claws for hands.
Your natural rate of healing is unusually fast.
You are covered in fur. (AC +1)
You have tough skin. (AC +1)


Message History

You swing at nothing.
The orc completely misses you.
You scratch the orc.
The orc is moderately wounded.
You block the orc's attack.
You claw the orc!
You kill the orc!
You swing at nothing.
o - a ring of willpower
o - a ring of willpower (right claw)
You open the door.
There is an open door here.
There is an open door here.
There is an open door here.
There is an open door here.
There is an open door here.
Things that are here:
a +0 flail; a +0 leather armour; an orc corpse
There is an open door here.
You open the door.
Found an escape hatch in the ceiling.
There is an open door here.
You open the door.
An ogre and a quokka come into view.
There is an open door here.
You swing at nothing.
You swing at nothing.
You claw the quokka!
You kill the quokka!
You swing at nothing.
You swing at nothing.
You claw the ogre!
The ogre is moderately wounded.
The ogre hits you with a +0 giant spiked club!!
Ouch! That really hurt!
* * * LOW HITPOINT WARNING * * *
You claw the ogre!
The ogre is almost dead.
The ogre hits you with a +0 giant spiked club!!
Ouch! That really hurt!
You die...

..#..#.......#...#..))...........
###..#......##...###'######......
.'...#......#.............#......
.#...#......#.............'......
'##..#......#.............#......
.#####.†....##...######...#......
.#.....###'###...#....###########
.#.....#.........#....#
##.....#........@O....#
.......#######.###....#
........... ####......#
............#..#......#
............#..'..r...#
............####....<.#
########..........####...
.........O# ... ..........+ ..


You could see an ogre.

Vanquished Creatures
  The ghost of GrumpyGrim72 the Conjurer, an amateur OpCj (D:3)
  Terence (D:3)
  An iguana (D:4)
  4 adders
  2 dart slugs
  7 orcs
  7 ball pythons
  4 endoplasms
  2 giant cockroaches
  13 goblins
  2 hobgoblins
  7 jackals
  6 quokkas
  5 bats
  5 frilled lizards
  6 kobolds
  7 rats
80 creatures vanquished.

Notes
Turn   | Place    | Note
-------+----------+-------------------------------------------
     0 | D:1      | Cheops the Troll Fighter began the quest for the Orb.
     0 | D:1      | Reached XP level 1. HP: 22/22 MP: 0/0
   103 | D:1      | Reached XP level 2. HP: 29/29 MP: 1/1
   259 | D:1      | Reached skill level 3 in Unarmed Combat
   794 | D:1      | Reached XP level 3. HP: 33/36 MP: 2/2
  2002 | D:2      | Reached skill level 4 in Unarmed Combat
  2264 | D:2      | Found a faded altar of an unknown god.
  2977 | D:2      | Found a faded altar of an unknown god.
  3789 | D:3      | Noticed Terence
  3981 | D:3      | Killed Terence
  3982 | D:3      | Reached XP level 4. HP: 41/44 MP: 3/3
  4005 | D:3      | Found an iron altar of Okawaru.
  4273 | D:3      | Found a runed translucent door.
  4276 | D:3      | Noticed GrumpyGrim72's ghost (amateur OpCj)
  4285 | D:3      | Killed GrumpyGrim72's ghost
  4286 | D:3      | Reached skill level 5 in Unarmed Combat
  4286 | D:3      | Reached XP level 5. HP: 35/50 MP: 4/4
  4419 | D:3      | Found an iron altar of Okawaru.
  4677 | D:4      | Noticed an ogre
  4722 | D:4      | Reached skill level 6 in Unarmed Combat
  5132 | D:4      | Slain by an ogre

Illustrated notes

Levels and vault maps discovered:
D:1:      lightli_arrival_isolated_outpost, layout_loops_ring,
          chequers_big_river, minivault_11
D:2:      layout_loops_corners, shapermc_ecumenical_altar_flowoftime,
          amcnicky_mini_rare_corridor_liquid, minmay_fountain_box,
          serial_bayou_pond_b, st_stairs_4, kennysheep_nondescript,
          minmay_misc_feat_x, kennysheep_generic_room_6
D:3:      layout_rooms, okawaru_metal_pillars_1_2,
          ebering_ghost_reflecting_pool, uniq_terence
D:4:      layout_gridville, minmay_temple_entry_antechambers, serial_shops,
          nicolae_shop_pleasant_corner_grove

Skill      XL: |  1  2  3  4  5 |
---------------+----------------+-----
Unarmed Combat | 3 4 5 6 |  6.2
Fighting       | |  2.4
Dodging        | |  2.4
Shields        | |  2.6

Action                     |  1- 3 |  4- 6 || total
---------------------------+-------+-------++-------
  Melee: Unarmed           |   148 |    72 ||   220
    Use: Potion            |       |     1 ||     1
 Armour: Robe              |    55 |    27 ||    82
  Dodge: Dodged            |    41 |    10 ||    51
  Block: Kite shield       |    68 |    15 ||    83
